 Dungeon Crawl Stone Soup version 0.18.1-48-g4cf74bf (webtiles) character file.

9396 Galewin the Severer (level 11, -11/82 HPs)
             Began as a White Draconian Berserker on July 30, 2016.
             Was a High Priest of Trog.
             Killed from afar by a gargoyle (22 damage)
             ... with a stone arrow
             ... on level 11 of the Dungeon.
             The game lasted 00:26:43 (10541 turns).

Galewin the Severer (White Draconian Berserker)    Turns: 10541, Time: 00:26:44

Health: -11/82     AC: 10    Str: 22    XL:     11   Next: 22%
Magic:  11/11      EV: 12    Int:  8    God:    Trog [*****.]
Gold:   674        SH:  0    Dex: 11    Spells: 0 memorised, 10 levels left

rFire  . . .     SeeInvis .     a - +1 hand axe
rCold  + . .     Gourm    .     (armour unavailable)
rNeg   . . .     Faith    .     (no shield)
rPois  .         Spirit   .     (helmet restricted)
rElec  .         Dismiss  .     x - +1 cloak
rCorr  .         Reflect  .     E - +0 pair of gloves
SustAt .         Harm     .     (no boots)
MR     .....                    (no amulet)
Stlth  +.........               (no ring)
                                (no ring)

@: exhausted, slowed, very slow, not resistant to hostile enchantments, very
unstealthy
A: breathe frost, unfitting armour, cold resistance 1, cold-blooded, AC +7
a: Breathe Frost, Berserk, Trog's Hand, Brothers in Arms, Burn Spellbooks,
Renounce Religion


You were on level 11 of the Dungeon.
You worshipped Trog.
Trog was extremely pleased with you.
You were not hungry.

You visited 1 branch of the dungeon, and saw 11 of its levels.

You collected 674 gold pieces.

Inventory:

Hand Weapons
 a - a +1 hand axe (weapon)
Armour
 x - a +1 cloak (worn)
 E - a +0 pair of gloves (worn)
 J - a +2 cloak
Jewellery
 e - an uncursed ring of protection from fire
 h - an uncursed ring of protection from magic {unknown}
 F - a cursed ring of teleportation {unknown}
 H - an uncursed ring of ice {unknown}
Wands
 d - a wand of slowing (12/48)
 w - a wand of confusion (48/48)
 D - a wand of digging (15/24)
 G - a wand of flame (39/48)
 K - a wand of lightning (9/15)
Scrolls
 i - a scroll of fear
 k - a scroll of teleportation
 m - 7 scrolls of remove curse
 r - 4 scrolls of identify
 z - 2 scrolls of enchant weapon
 I - a scroll of blinking
Potions
 c - 5 potions of haste
 f - 3 potions of flight {unknown}
 g - a potion of magic {unknown}
 j - 2 potions of might
 l - a potion of berserk rage {unknown}
 n - 2 potions of heal wounds {unknown}
 o - a potion of cure mutation {unknown}
 p - 5 potions of brilliance {unknown}
 q - a potion of cancellation {unknown}
 s - a potion of ambrosia {unknown}
 u - 3 potions of curing {unknown}
 v - a potion of lignification {unknown}
 A - a potion of invisibility {unknown}
 B - a potion of agility {unknown}
 C - a potion of mutation {unknown}
 L - a potion of degeneration {unknown}
Comestibles
 b - 5 bread rations
 t - 4 meat rations
 M - a chunk of flesh


   Skills:
 - Level 3.2 Fighting
 + Level 16.6 Axes
 - Level 2.6 Dodging


You had 10 spell levels left.
You didn't know any spells.

Dungeon Overview and Level Annotations

Branches:
Dungeon (11/15)            Temple (0/1) D:4             Orc (0/2) D:10
   Lair: D:8-11

Altars:
Fedhas
Gozag
Pakellas
Xom

Shops:
D:9 ?


Innate Abilities, Weirdness & Mutations

You can breathe waves of freezing cold.
You can buffet flying creatures when you breathe cold.
Your icy white scales are hard (AC +7).
Your body does not fit into most forms of armour.
Your flesh is cold resistant.
You are cold-blooded and may be slowed by cold attacks.


Message History

The stone arrow hits you!
You hit the gargoyle but do no damage.
The gargoyle hits you with a morningstar!!
You hit the gargoyle but do no damage.
The gargoyle hurls a stone arrow at you.
The stone arrow hits you!
* * * LOW HITPOINT WARNING * * *
Read which item? (? for menu, Esc to quit)
As you read the scroll of fear, it crumbles to dust.
You assume a fearsome visage.
The gargoyle is unaffected.
The gargoyle barely misses you.
Okay, then.
You barely miss the gargoyle.
The gargoyle hurls a stone arrow at you.
The stone arrow misses you.
The gargoyle hits you with a morningstar!
* * * LOW HITPOINT WARNING * * *
The gargoyle hurls a stone arrow at you.
The stone arrow hits you!
You die...

.........................#
.........................#
.........................+
...................).....##
########......#####).......
########...)).......
........#........
#####..9.#........
....'..@.#..######
....#....#..+ ... #....#..#
. #....#..# #....#..#
#....# #....# .....#


You could see a gargoyle.

Vanquished Creatures
  Josephine (D:10)
  An unseen horror (D:10)
  3 hill giants
  A kobold demonologist (D:11)
  A troll (D:9)
  The ghost of Galewin the Cleaver, an amateur MiBe of Trog (D:5)
  A two-headed ogre (D:10)
  4 yaks (D:10)
  2 shadows (D:11)
  2 wraiths (D:10)
  A spriggan (D:8)
  A wyvern (D:10)
  Eustachio (D:6)
  A hungry ghost (D:7)
  A water moccasin (D:5)
  Duvessa (D:7)
  4 sky beasts
  2 ice beasts
  5 ogres
  A phantom (D:10)
  6 centaurs
  A giant frog (D:8)
  A gnoll sergeant (D:9)
  Dowan (D:7)
  2 scorpions
  6 howler monkeys
  5 wights (D:9)
  A centaur zombie (D:9)
  3 crimson imps
  2 giant frog zombies
  3 hounds
  2 centaur skeletons
  2 giant frog skeletons
  3 jellies
  An orc wizard (D:4)
  An iguana (D:5)
  13 worker ants
  2 hound zombies
  A hound skeleton (D:9)
  2 worker ant zombies
  16 gnolls
  10 adders
  5 shadow imps
  An ooze (D:1)
  2 worms
  7 giant geckos
  16 orcs
  A ball python (D:2)
  6 giant cockroaches
  7 goblins
  7 hobgoblins
  4 jackals (D:1)
  5 quokkas
  7 bats
  A giant gecko skeleton (D:5)
  5 giant newts
  A jackal skeleton (D:8)
  10 kobolds
  7 rats
211 creatures vanquished.

Vanquished Creatures (collateral kills)
  A wraith (D:10)
1 creature vanquished.

Vanquished Creatures (others)
  A wolf spider (D:5)
  A quokka (D:5)
2 creatures vanquished.

Grand Total: 214 creatures vanquished

Notes
Turn   | Place    | Note
--------------------------------------------------------------
     0 | D:1      | Galewin the Draconian Berserker began the quest for the Orb.
     0 | D:1      | Reached XP level 1. HP: 19/19 MP: 1/1
    18 | D:1      | Reached XP level 2. HP: 22/26 MP: 2/2
   131 | D:1      | Reached ** piety under Trog
   131 | D:1      | Reached skill level 4 in Axes
   357 | D:1      | Reached XP level 3. HP: 31/31 MP: 3/3
   565 | D:2      | Reached XP level 4. HP: 23/38 MP: 4/4
   582 | D:2      | Reached skill level 5 in Axes
  1065 | D:3      | Reached *** piety under Trog
  1316 | D:3      | Reached XP level 5. HP: 34/45 MP: 5/5
  1568 | D:3      | Reached skill level 6 in Axes
  2233 | D:4      | Reached XP level 6. HP: 19/51 MP: 6/6
  2603 | D:4      | Reached skill level 7 in Axes
  2834 | D:4      | Found a staircase to the Ecumenical Temple.
  3345 | D:5      | Entered Level 5 of the Dungeon
  3345 | D:5      | Noticed a water moccasin
  3364 | D:5      | Killed a water moccasin
  3364 | D:5      | Reached skill level 8 in Axes
  3364 | D:5      | Your scales start taking on an icy white colour.
  3364 | D:5      | Reached XP level 7. HP: 7/57 MP: 7/7
  3364 | D:5      | Gained mutation: Your flesh is cold resistant. [White Draconian growth]
  3367 | D:5      | HP: 4/85 [poisoned by a water moccasin]
  3680 | D:5      | Noticed Galewin's ghost (amateur MiBe)
  3693 | D:5      | Killed Galewin's ghost
  3950 | D:5      | Reached skill level 9 in Axes
  4304 | D:5      | Reached **** piety under Trog
  4407 | D:5      | Found an oddly glowing altar of Pakellas.
  4407 | D:5      | Noticed a wolf spider
  4416 | D:5      | Killed a wolf spider
  4534 | D:5      | Reached XP level 8. HP: 63/63 MP: 8/8
  4779 | D:6      | Noticed Eustachio
  4786 | D:6      | Killed Eustachio
  4786 | D:6      | Reached skill level 10 in Axes
  5182 | D:6      | Found a blossoming altar of Fedhas.
  5761 | D:7      | Reached skill level 11 in Axes
  5770 | D:7      | Noticed Duvessa
  5778 | D:7      | Killed Duvessa
  6074 | D:7      | Noticed Dowan
  6082 | D:7      | Killed Dowan
  6140 | D:7      | Reached XP level 9. HP: 64/70 MP: 9/9
  6469 | D:8      | Reached skill level 12 in Axes
  6668 | D:8      | Found a shimmering altar of Xom.
  6668 | D:8      | Found an opulent altar of Gozag.
  7392 | D:9      | Noticed a hill giant
  7399 | D:9      | Killed a hill giant
  7399 | D:9      | Reached skill level 13 in Axes
  7400 | D:9      | Noticed a troll
  7409 | D:9      | Killed a troll
  7776 | D:9      | Reached skill level 14 in Axes
  7839 | D:9      | Reached XP level 10. HP: 60/77 MP: 10/10
  7928 | D:9      | Found Irea's Magic Scroll Boutique.
  8222 | D:10     | Entered Level 10 of the Dungeon
  8273 | D:10     | Noticed a hill giant
  8280 | D:10     | Killed a hill giant
  8307 | D:10     | Found a staircase to the Orcish Mines.
  8316 | D:10     | Reached ***** piety under Trog
  8412 | D:10     | Killed an unseen horror
  8679 | D:10     | Reached skill level 15 in Axes
  9155 | D:10     | Noticed Josephine
  9699 | D:10     | Noticed a hill giant
  9707 | D:10     | Killed a hill giant
  9707 | D:10     | Reached skill level 16 in Axes
  9727 | D:10     | Killed Josephine
  9727 | D:10     | Reached XP level 11. HP: 79/82 MP: 11/11
 10541 | D:11     | Killed from afar by a gargoyle

Skill      XL: |  1  2  3  4  5  6  7  8  9 10 |
---------------+-------------------------------+-----
Axes           | 4 5 6 8 9 11 14 16 | 16.6
Fighting       | |  3.2
Dodging        | |  2.6

Action                   |  1- 3 |  4- 6 |  7- 9 | 10-12 || total
-------------------------+-------+-------+-------+-------++-------
Melee: Hand axe          |    92 |   202 |   350 |   288 ||   932
       Tailslap          |     6 |    22 |    57 |    51 ||   136
Invok: Berserk           |     2 |     6 |    10 |     7 ||    25
       Trog's Hand       |       |       |     2 |     1 ||     3
       Burn Spellbooks   |       |       |       |     3 ||     3
       Brothers in Arms  |       |       |       |     1 ||     1
 Abil: Breathe Frost     |       |       |    17 |     6 ||    23
  Use: Scroll            |       |     1 |    15 |     2 ||    18
       Potion            |       |       |       |     1 ||     1
 Stab: Sleeping          |     1 |     1 |       |       ||     2
       Distracted        |       |     1 |     1 |       ||     2
  Eat: Chunk             |       |    15 |    22 |     2 ||    39
       Royal jelly       |       |       |     1 |       ||     1
       Pizza             |       |       |     1 |       ||     1
       Beef jerky        |       |       |     1 |       ||     1
       Fruit             |       |       |     3 |       ||     3
       Meat ration       |       |       |     1 |       ||     1
       Bread ration      |       |       |       |     3 ||     3
Armor: Skin              |    28 |    37 |    84 |    78 ||   227
Dodge: Dodged            |    65 |   131 |   132 |    94 ||   422
